 Dungeon Crawl Stone Soup version 0.30-a0-457-g4b7bca3bfa (webtiles) character file.

Game seed: 12719486048084217034

119 Brandom the Grasshopper (level 4, -5/39 HPs)
             Began as an Armataur Warper on Dec 13, 2022.
             Killed from afar by Sigmund (9 damage)
             ... with a puff of flame
             ... on level 3 of the Dungeon.
             The game lasted 00:04:33 (1404 turns).

Brandom the Grasshopper (Armataur Warper)           Turns: 1404, Time: 00:04:34

Health: -5/39      AC:  6    Str: 16    XL:     4   Next: 74%
Magic:  7/7        EV:  8    Int: 15    God:
Gold:   72         SH:  0    Dex: 10    Spells: 7/7 levels left

rFire   . . .      SeeInvis .    a - +0 falchion
rCold   . . .      Faith    .    (no shield)
rNeg    . . .      Spirit   .    e - +0 ring mail
rPois   .          Reflect  .    (no helmet)
rElec   .          Harm     .    (no cloak)
rCorr   +          Roll     +    (no gloves)
Will    .....                    (no barding)
Stlth   ..........               (no amulet)
HPRegen 0.26/turn                h - ring of resist corrosion
MPRegen 0.10/turn                (no ring)

@: no status effects
A: large, rugged brown scales 3, deformed body, armoured tail, roll, long
tongue, awkward tongue
a: no special abilities


You were on level 3 of the Dungeon.
You visited 1 branch of the dungeon, and saw 4 of its levels.

You collected 72 gold pieces.

Inventory:

Hand Weapons
 a - a +0 falchion (weapon)
Missiles
 d - 7 boomerangs of dispersal (quivered) {!f}
Armour
 b - a +0 leather armour
 e - a +0 ring mail (worn)
   (You found it on level 1 of the Dungeon)
 f - a +0 ring mail
   (You found it on level 1 of the Dungeon)
 g - a +0 leather armour
   (You found it on level 1 of the Dungeon)
 j - a +0 ring mail
   (You found it on level 1 of the Dungeon)
 k - a +0 leather armour
   (You found it on level 1 of the Dungeon)
 l - a +0 robe
   (You found it on level 1 of the Dungeon)
 m - a +0 chain mail
   (You took it off an orc priest on level 3 of the Dungeon)
 n - a +0 scale mail
   (You took it off an orc on level 3 of the Dungeon)
 p - a +0 robe
   (You took it off a goblin on level 3 of the Dungeon)
 q - a +0 leather armour
   (You found it on level 3 of the Dungeon)
Jewellery
 h - a ring of resist corrosion (left hand)
   (You found it on level 1 of the Dungeon)
Scrolls
 c - a scroll of blinking
 o - a scroll of summoning {unknown}
Potions
 i - a potion of attraction {!q}


   Skills:
 + Level 2.5 Fighting
 + Level 2.4 Long Blades
 - Level 0.8 Throwing
 + Level 2.4 Armour
 - Level 2.0 Dodging
 - Level 2.0 Spellcasting
 + Level 3.7 Translocations


You had 7 spell levels left.
You didn't know any spells.
Your spell library contained the following spells:

 Spells                   Type           Power      Damage    Failure   Level
 Blink                    Tloc           24%        N/A       14%         2
 Lesser Beckoning         Tloc           24%        N/A       26%         3
 Teleport Other           Tloc           12%        N/A       26%         3
 Vhi's Electric Charge    Tloc/Air       14%        N/A       50%         3
 Manifold Assault         Tloc           12%        N/A       65%         4
 Yara's Violent Unravell  Hex/Tmut       0%         3d3       100%        5
 Enfeeble                 Hex            0%         N/A       100%        7


Dungeon Overview and Level Annotations

Branches:
Dungeon (4/15)
 Temple: D:4-7

Altars:

Shops:
D:1 *

Annotations:
D:3 Sigmund


Innate Abilities, Weirdness & Mutations

You are completely covered in rugged brown scales. (AC +3, +7% HP)
Armour fits poorly on your strangely shaped body.
You have a long armoured tail.
You roll when moving toward enemies. (Rampage)
Your long tongue fully drains potion bottles. (2x potion effects)
Your tongue gives you trouble enunciating. (1.5x scroll delay)


Message History

Okay, then.
You bump into the rock wall.
You bump into the rock wall.
You feel less confused.
Sigmund points at you and mumbles some strange words.
You are confused.
There is a stone staircase leading down here.
Sigmund closely misses you.
There is a stone staircase leading down here.
Sigmund gestures at you while chanting.
You are more confused.
Sigmund closely misses you.
Sigmund points at you and mumbles some strange words.
You resist with some effort.
Sigmund points at you and mumbles some strange words.
You resist with some effort.
You bump into the rock wall.
Sigmund closely misses you.
You're too confused to move!
Sigmund hits you with a +1 vampiric scythe.
You bump into the rock wall.
Sigmund gestures at you while chanting. The puff of flame hits you!
You barely miss Sigmund.
Your tail-slap misses Sigmund.
Sigmund gestures at you while chanting.
You are more confused.
You bump into the rock wall.
Sigmund hits you with a +1 vampiric scythe.
* * * LOW HITPOINT WARNING * * *
You bump into the rock wall.
Sigmund hits you with a +1 vampiric scythe.
* * * LOW HITPOINT WARNING * * *
You bump into the rock wall.
Unknown command.
Sigmund attacks as you move away!
Sigmund hits you with a +1 vampiric scythe!
* * * LOW HITPOINT WARNING * * *
Sigmund hits you from afar with a +1 vampiric scythe.
* * * LOW HITPOINT WARNING * * *
You bump into the rock wall.
You feel less confused.
Sigmund points at you and mumbles some strange words.
You are confused.
Sigmund mumbles some strange words.
Sigmund flickers and vanishes!
Deactivating autopickup; reactivate with Ctrl-A.
You bump into the rock wall.
You feel less confused.
A puff of flame appears from out of thin air!
The puff of flame hits you!
You die...

##..# ##. #...#
#####.# #.#.#
#....## #.#.#
#.###.# #.#{#
#>####. #.#.#
#...... #.# #.#####
...####.# #.#
.......@##########.#
...................#
##################.#
#.# #@# ########.#
#....@...#
#.######## #.


There were no monsters in sight!

Vanquished Creatures
  An orc priest (D:3)
  Natasha (twice) (D:3)
  An adder (D:3)
  2 orcs (D:3)
  2 ball pythons
  An endoplasm (D:3)
  2 giant cockroaches (D:1)
  6 goblins
  3 jackals (D:1)
  2 bats (D:1)
  3 frilled lizards (D:1)
  2 kobolds (D:1)
  3 rats
30 creatures vanquished.

Notes
Turn   | Place    | Note
-------+----------+-------------------------------------------
     0 | D:1      | Brandom the Armataur Warper began the quest for the Orb.
     0 | D:1      | Reached XP level 1. HP: 18/18 MP: 3/3
   354 | D:1      | Found Fookkiod's Assorted Antiques.
   361 | D:1      | Reached XP level 2. HP: 24/25 MP: 4/4
   887 | D:2      | You fall into a shaft and drop 2 floors!
   890 | D:3      | Noticed Natasha
   895 | D:3      | Killed Natasha
   896 | D:3      | Reached XP level 3. HP: 23/31 MP: 4/6
  1029 | D:3      | Reached XP level 4. HP: 4/39 MP: 7/7
  1168 | D:3      | Noticed Natasha
  1180 | D:3      | Killed Natasha
  1343 | D:3      | Noticed Sigmund
  1404 | D:3      | Killed from afar by Sigmund

Illustrated notes

Levels and vault maps discovered:
D:1:      roderic_octagonal_star, layout_basic, serial_shops, shop_statue,
          hangedman_decor_clover_reticule
D:2:      minmay_inner_zag, layout_basic, hellmonk_ecumenical_altar_arch_garden,
          minmay_circle_x, uniq_terence
D:3:      layout_loops_ring, dk_yredelemnul_ordeal, minitemple, uniq_sigmund,
          uniq_natasha, uniq_jessica
D:4:      minmay_bubble_buster, layout_loops_ring, kiku_gazebo_garden_becter,
          lightli_temple_of_fire, serial_shops, shop

Skill      XL: |  1  2  3  4 |
---------------+-------------+-----
Fighting       | 2 |  2.5
Long Blades    | 2 |  2.4
Spellcasting   | 2 |  2.0
Armour         | 2 |  2.4
Dodging        | 2 |  2.0
Throwing       | |  0.8
Translocations | |  3.7

Action                   |  1- 3 |  4- 6 || total
-------------------------+-------+-------++-------
Melee: Falchion          |   104 |    17 ||   121
       Tailslap          |     5 |     3 ||     8
  Use: Scroll            |     2 |       ||     2
       Potion            |     2 |       ||     2
Armor: Ring mail         |    53 |     6 ||    59
Dodge: Dodged            |    42 |    10 ||    52

Table legend: (Time is in decaauts)
 A = Elapsed time spent in this place.
 B = Non-inter-level travel time spent in this place.
 C = Inter-level travel time spent in this place.
 D = Time resting spent in this place.
 E = Time spent auto-exploring this place.
 F = Levels seen in this place.
 G = Mean time per level.
                   A        B        C        D        E       F      G
               +--------+--------+--------+--------+--------+-----+--------+
         Total |   1433 |   1382 |     51 |    132 |    884 |   4 |  358.2 |
       Dungeon |   1433 |   1382 |     51 |    132 |    884 |   4 |  358.2 |
               +--------+--------+--------+--------+--------+-----+--------+

Top non-repeatable levels by time:
     D:1: 880 daAuts
     D:3: 528 daAuts
     D:2: 20 daAuts
     D:4: 2 daAuts
